 Dungeon Crawl Stone Soup version 0.15-a0-1537-ge1f089e (webtiles) character file.

203 Chiseanne the Ducker (level 5, -15/53 HPs)
             Began as a Troll Fighter on June 16, 2014.
             Demolished by an ogre
             ... wielding a +0 giant club
              (19 damage)
             ... on Level 4 of the Dungeon.
             The game lasted 00:08:13 (2632 turns).

Chiseanne the Ducker (Troll Fighter)                Turns: 2632, Time: 00:08:14

HP -15/53        AC  5     Str 29      XL: 5   Next: 51%
MP   2/2         EV  9     Int  4      God:
Gold 249         SH  9     Dex 10      Spells:  0 memorised,  4 levels left

rFire  . . .     SeeInvis +     a - +0 war axe
rCold  . . .     Clarity  .     b - +0 robe
rNeg   . . .     rCorr    .     n - +0 shield (curse)
rPois  .         rRot     .     (helmet restricted)
rElec  .         Spirit   .     (no cloak)
SustAb .         Warding  .     (gloves unavailable)
rMut   .         Stasis   .     (boots unavailable)
Gourm  +                        (no amulet)
MR     +....                    o - ring of protection from magic
                                f - ring of see invisible

@: mighty, somewhat resistant to hostile enchantments, very unstealthy
A: unfitting armour, claws 3, fast metabolism 3, gourmand, regeneration 2,
saprovore 2, shaggy fur 1, tough skin 2
a: no special abilities


You were on level 4 of the Dungeon.
You were full.

You visited 1 branch of the dungeon, and saw 4 of its levels.

You collected 249 gold pieces.

Inventory:

Hand weapons
 a - a +0 war axe (weapon)
Missiles
 r - 5 javelins (quivered)
 B - 8 poisoned needles
Armour
 b - a +0 robe (worn)
 n - a cursed +0 shield (worn)
Comestibles
 d - 7 meat rations
 A - 4 bread rations
Scrolls
 c - a scroll of blinking {unknown}
 h - 3 scrolls of recharging {unknown}
 i - 4 scrolls of remove curse {unknown}
 l - 2 scrolls of immolation {unknown}
 s - 2 scrolls of enchant weapon {unknown}
 t - 2 scrolls of fog {unknown}
 w - a scroll of enchant armour {unknown}
 y - a scroll of teleportation {unknown}
 D - a scroll of noise {unknown}
 E - 2 scrolls of identify {unknown}
Jewellery
 f - a ring of see invisible (left claw)
 g - an uncursed ring of ice
 o - a ring of protection from magic (right claw)
 C - an uncursed ring of teleport control
Potions
 e - a potion of might
 j - 2 potions of confusion {unknown}
 k - a potion of haste {unknown}
 m - 2 potions of curing
 p - a potion of degeneration {unknown}
 q - 2 potions of brilliance {unknown}
 u - 2 potions of heal wounds {unknown}
 v - a potion of resistance {unknown}
 x - 3 potions of poison {unknown}
 z - a potion of beneficial mutation {unknown}


   Skills:
 * Level 3.3 Fighting
 - Level 1.5 Axes
 * Level 1.4 Armour
 * Level 3.7 Dodging
 * Level 3.2 Shields


You had 4 spell levels left.
You didn't know any spells.

Dungeon Overview and Level Annotations

Branches:
Dungeon (4/15)
 Temple: D:4-7

Altars:

Annotations:
D:4 Chiseanne's ghost, experienced OgFi


Innate Abilities, Weirdness & Mutations

You are too large for most types of armour.
You have claws for hands.
Your metabolism is lightning-fast.
You like to eat raw meat.
You heal very quickly.
You can eat rotten meat.
You are covered in fur (AC +1).
You have very tough skin (AC +2).


Message History

You see here a scroll labeled STROUX ONULU.
You completely miss the ogre. The ogre barely misses you.
You hit the ogre.
The ogre is lightly wounded.
You block the ogre's attack. The ogre hits you with a giant club!!
You hit the ogre.
The ogre is lightly wounded.
The ogre hits you with a giant club!
You slash the ogre!
The ogre is moderately wounded.
The ogre hits you with a giant club!!
* * * LOW HITPOINT WARNING * * *
Drink which item? (? for menu, Esc to quit)
Okay, then.
Read which item? (? for menu, Esc to quit)
Okay, then.
Drink which item? (? for menu, Esc to quit)
You feel very mighty all of a sudden. The ogre hits you with a giant club!!
You die...

#..#........#..........
#.....>......<........
#...(......#%.#####..
#..>........[........
#..........##...##..#
#..........####.##.#
##........[# #.#..##
###..###..# #.....>
#@## ..... ###.### #O#
#.###.####%... #a# #.
#.......## ..# #.
####...##. ..# #.
#..#.##. ...# .
#....##. ...# ##...###.
.<..# #........ .##
#...###..#


You could see an ogre and a worker ant.

Vanquished Creatures
  A scorpion (D:4)
  A worker ant (D:3)
  6 adders
  A giant mite (D:4)
  A worm (D:2)
  3 giant geckos
  An ooze (D:3)
  11 bats
  3 giant cockroaches
  9 goblins
  8 hobgoblins
  3 jackals (D:3)
  3 kobolds
  3 giant newts
  A quokka (D:3)
  A quokka zombie (D:4)
  9 rats
65 creatures vanquished.

Notes
Turn   | Place    | Note
--------------------------------------------------------------
     0 | D:1      | Chiseanne, the Troll Fighter, began the quest for the Orb.
     0 | D:1      | Reached XP level 1. HP: 22/22 MP: 1/1
   326 | D:1      | Reached XP level 2. HP: 29/29 MP: 1/1
   762 | D:2      | Reached XP level 3. HP: 36/36 MP: 2/2
   914 | D:2      | Reached skill level 3 in Fighting
  1473 | D:3      | Reached skill level 1 in Armour
  1473 | D:3      | Reached XP level 4. HP: 36/45 MP: 2/2
  1788 | D:4      | Noticed Chiseanne's ghost (experienced OgFi)
  2252 | D:4      | Reached XP level 5. HP: 9/53 MP: 2/2
  2624 | D:4      | Noticed an ogre
  2632 | D:4      | Demolished by an ogre

Action                   |  1- 3 |  4- 6 || total
-------------------------+-------+-------++-------
Melee: War axe           |   145 |   122 ||   267
Throw: Javelin           |     2 |       ||     2
  Use: Potion            |       |     2 ||     2
 Stab: Sleeping          |       |     1 ||     1
